[Event "44th Chess Olympiad Open 2022"]
[Site "Chennai"]
[Date "2022.08.09"]
[Round "11.1"]
[White "Keymer, Vincent"]
[Black "Gukesh D"]
[Result "1/2-1/2"]
[ECO "D38"]
[WhiteElo "2686"]
[BlackElo "2684"]
[Annotator "TA"]
[PlyCount "149"]
[EventDate "2022.07.29"]
[EventType "team-tourn"]
[EventCountry "IND"]
[SourceTitle "playchess.com"]
[Source "ChessBase"]
[SourceQuality "1"]
[WhiteTeam "Germany"]
[BlackTeam "India"]
[WhiteTeamCountry "GER"]
[BlackTeamCountry "IND"]
[TimeControl "40/5400+30:1800+30"]

1. d4 Nf6 2. c4 e6 3. Nf3 d5 4. Nc3 Bb4 5. cxd5 exd5 6. Qa4+ Nc6 7. Bg5 h6 8. Bxf6 Qxf6 9. e3 O-O 10. Be2 Qd6 {[%emt 0:01:51] D38: Queen's Gambit Declined: Ragozin Defence (4 Nf3 Bb4).} 11. O-O Bxc3 12. bxc3 Bd7 {[%emt 0:00:04] [#] White has an edge.} 13. Nd2 $146 ({Predecessor:} 13. Qc2 Rab8 14. c4 dxc4 15. Qxc4 b5 16. Qc2 Rfc8 17. Rfc1 a5 18. Qc5 b4 19. d5 {1-0 (37) Filip,M-Voiculescu,P Bucharest 1954}) 13... b6 14. Qd1 Na5 15. c4 dxc4 16. Nxc4 Nxc4 17. Bxc4 c5 18. dxc5 Qxc5 19. Qxd7 Qxc4 20. Rfc1 Qe4 21. Rd1 Rfe8 22. Rac1 Re7 23. Qd6 Rae8 24. h3 Re6 25. Qd4 Qxd4 26. Rxd4 $11 {[%emt 0:04:23][%mdl 4096] Endgame KRR-KRR} h5 27. Kf1 g6 28. Ke2 b5 29. a4 bxa4 30. Rxa4 Rb8 31. Ra2 Re7 32. Rc6 Kg7 33. Rca6 Rbb7 34. Kf3 Rbc7 35. R6a5 Rb7 36. g4 hxg4+ 37. hxg4 Rbc7 38. Kg3 Rb7 39. R2a3 Rbc7 40. g5 Rb7 41. f3 Rec7 42. e4 Re7 43. Kf4 Rec7 44. Ra1 Rd7 45. Rd5 Rxd5 46. exd5 {[%emt 0:00:40] [#] aiming for Ra6. KR-KR} f6 $1 47. Ra4 Kf7 48. Ke4 fxg5 49. Ke5 Re7+ 50. Kd4 Ke8 51. Ra3 Rf7 52. Ke5 Re7+ 53. Kd6 Kd8 54. Kc5 Rc7+ 55. Kd4 Rf7 56. Ke5 a5 57. Rxa5 {[%emt 0:01:42] [#] White wants to mate with Ra8+.} Rxf3 58. Ke6 {[%emt 0:01:56] Intending Ra8+ and mate.} Re3+ 59. Kd6 Kc8 60. Ra4 Rd3 61. Rc4+ Kd8 62. Ra4 Kc8 63. Rg4 Rd1 64. Rxg5 Rd2 (64... Ra1 $11 {keeps the balance.}) 65. Rxg6 $16 Rd1 $1 66. Rh6 Kb7 67. Rh2 Kc8 68. Rh5 Rd2 69. Rh8+ Kb7 70. Rh7+ Kc8 71. Rc7+ Kd8 72. Rc4 ({Better is} 72. Rf7 $16 Ke8 73. Re7+ Kd8 74. Rd7+ Ke8 75. Rh7) 72... Rh2 $11 {[%emt 0:02:50] The position is equal.} 73. Re4 Ra2 74. Re6 Ra1 (74... Ra6+ 75. Ke5 Ra7 76. Rd6+ Kc8 77. Rc6+ Kd8 78. Rh6 Re7+ 79. Kd6 Rd7+ 80. Kc5) 75. Re2 {[%emt 0:00:18] Weighted Error Value: White=0.04 (flawless) /Black=0.03 (flawless)} 1/2-1/2

[Event "44th Chess Olympiad Open 2022"]
[Site "Chennai"]
[Date "2022.08.09"]
[Round "11.1"]
[White "Sarin Nihal"]
[Black "Bluebaum, Matthias"]
[Result "1-0"]
[ECO "D02"]
[WhiteElo "2651"]
[BlackElo "2673"]
[Annotator "TA"]
[PlyCount "109"]
[EventDate "2022.07.29"]
[EventType "team-tourn"]
[EventCountry "IND"]
[SourceTitle "playchess.com"]
[Source "ChessBase"]
[SourceQuality "1"]
[WhiteTeam "India"]
[BlackTeam "Germany"]
[WhiteTeamCountry "IND"]
[BlackTeamCountry "GER"]
[TimeControl "40/5400+30:1800+30"]

1. d4 Nf6 2. Nf3 d5 3. Bf4 c5 4. e3 e6 5. c3 Bd6 6. Nbd2 {[%emt 0:02:17][%cal Bb1d2,Bd2f3,Bf3d4][%mdl 32] D02: 1 d4 d5 2 Nf3 sidelines, including 2...Nf6 3 g3 and 2...Nf6 3 Bf4.} Bxf4 7. exf4 Qc7 8. g3 {[%emt 0:00:36] The position is equal.} O-O 9. Bd3 cxd4 10. Nxd4 Nc6 11. N2f3 Nxd4 12. Nxd4 e5 13. fxe5 Qxe5+ 14. Qe2 Qd6 15. O-O {[%emt 0:02:08] [#]} Re8 $146 ({Predecessor:} 15... Bg4 16. Qc2 g6 17. Rfe1 a6 18. Qd2 Kg7 19. Kg2 Rfe8 20. h3 Bd7 21. Rxe8 Rxe8 {0-1 (62) Babiy,O (2283)-Martinez Alcantara,J (2608) Chess.com INT 2021}) 16. Qd2 Bd7 17. Rfe1 Ng4 18. Re2 Qf6 19. Rae1 {[%emt 0:04:56][%cal Od3f5] And now Bf5! would win.} Ne5 20. Re3 g6 21. Bf1 Kg7 22. b3 $1 Nc6 23. Rf3 $1 Qd6 24. Nb5 Qc5 25. b4 Qf8 26. Nc7 Rxe1 27. Qxe1 Rd8 (27... Bg4 $2 28. Re3 (28. Rf4 Rc8 $16) 28... Rc8 29. Nxd5 $16) 28. Nxd5 {[%emt 0:00:53] Threatens to win with b5. White is more active.} Qd6 29. c4 Be6 30. Rd3 {[%emt 0:00:41] Strongly threatening b5.} Qe5 31. Qd2 Qa1 32. a3 ({White should try} 32. f4 $16) 32... Ne5 33. Qc3 Qxc3 34. Rxc3 b5 35. f4 Nxc4 36. Nc7 Bf5 {[%emt 0:00:44] White stays focused until the end.} (36... Rd1 $11 37. Nxe6+ fxe6) 37. Nxb5 $16 Rd1 38. Kf2 $18 (38. Rxc4 Bd3 39. Rc5 Rxf1+ 40. Kg2 Ra1 $16) 38... Nd2 (38... Nb2 $142 39. Be2 (39. Nxa7 Rd7 $11) 39... Ra1) 39. Bd3 {[%emt 0:00:10] Black must now prevent Bxf5.} a6 (39... Ra1 {keeps fighting.} 40. Ke3 (40. Nxa7 Ra2 $16) 40... a6 41. Kxd2 Bxd3) 40. Bxf5 gxf5 {[%emt 0:00:29][%mdl 4096] Endgame KRN-KRN} 41. Ke2 Rh1 {[%emt 0:02:18] Hoping for ...Ne4.} 42. Kxd2 Rxh2+ (42... axb5 $142 43. h4 Kg6) 43. Ke3 axb5 {[%emt 0:00:05] [#] KR-KR} 44. Kd4 $1 h5 45. Kc5 Rh3 46. Kxb5 {[%emt 0:00:07] aiming for a4.} h4 47. a4 hxg3 48. Rc1 Rh4 {[%emt 0:06:44] [#]} 49. Rg1 $1 Rxf4 50. Rxg3+ Rg4 51. Rf3 f4 52. a5 {[%emt 0:00:08] Intending a6 and mate.} Kf6 53. a6 Ke5 54. a7 Rg8 55. Ra3 {[%emt 0:01:17] Weighted Error Value: White=0.05 (flawless) /Black=0.41} 1-0

[Event "44th Chess Olympiad Open 2022"]
[Site "Chennai"]
[Date "2022.08.09"]
[Round "11.1"]
[White "Svane, Rasmus"]
[Black "Praggnanandhaa R"]
[Result "1/2-1/2"]
[ECO "D02"]
[WhiteElo "2649"]
[BlackElo "2648"]
[Annotator "TA"]
[PlyCount "97"]
[EventDate "2022.07.29"]
[EventType "team-tourn"]
[EventCountry "IND"]
[SourceTitle "playchess.com"]
[Source "ChessBase"]
[SourceQuality "1"]
[WhiteTeam "Germany"]
[BlackTeam "India"]
[WhiteTeamCountry "GER"]
[BlackTeamCountry "IND"]
[TimeControl "40/5400+30:1800+30"]

1. Nf3 d5 2. g3 c5 3. Bg2 Nf6 4. O-O e6 5. d4 cxd4 6. Nxd4 e5 7. Nb3 Be6 8. Nc3 {[%emt 0:00:45] The position is equal.} Be7 {[%emt 0:02:00] D02: 1 d4 d5 2 Nf3 sidelines, including 2...Nf6 3 g3 and 2...Nf6 3 Bf4.} 9. f4 exf4 10. gxf4 $1 {[%emt 0:00:07] 10.gxf4 is better than 10.Bxf4.} g6 11. Nd4 Nc6 12. Nxe6 fxe6 13. Kh1 O-O 14. Qd3 Bb4 {[%emt 0:11:08] [#]} 15. Qh3 $146 ({Predecessor:} 15. e4 dxe4 16. Qh3 Bxc3 17. Qxe6+ Rf7 18. bxc3 Qa5 19. f5 Re8 20. Qb3 Qe5 21. fxg6 hxg6 22. Bf4 Qh5 23. Rae1 Na5 {½-½ (23) Oliveira,D (2240)-Salzmann,S (2219) LSS email 2018}) 15... Qe7 16. e4 Bxc3 17. exd5 Nxd5 {[%emt 0:00:35] [#] Strongly threatening ...Ba5.} 18. bxc3 {[%emt 0:00:38] c4 is the strong threat.} Rf5 19. Be4 (19. c4 $5 Rh5 20. Ba3 Rxh3 21. Bxe7 $11) 19... Rh5 20. Qg2 {[%emt 0:00:44][%cal Oe4g6] Black must now prevent Bxg6!} Nf6 $1 (20... Nxc3 $2 {[#]} 21. Bxg6 $1 hxg6 22. Qxg6+ Kh8 23. Qxh5+ $18) 21. Bd3 Rf8 22. Bd2 Qd7 23. Rae1 Qd5 {[%emt 0:04:18] Inhibits Bc4.} 24. Qxd5 exd5 25. Kg2 Ne4 26. Bxe4 dxe4 27. Rxe4 Rd8 28. Be3 Kf7 29. Rb1 Rd7 30. a4 Rhd5 31. Rb5 a6 32. Rxd5 Rxd5 33. Bd4 Nxd4 34. Rxd4 $11 {[%emt 0:01:24][%mdl 4096] Endgame KR-KR} Ke6 35. Rb4 Rd2+ 36. Kg3 Rxc2 37. Rxb7 Rxc3+ 38. Kg4 Kf6 39. Rb6+ Kg7 40. Rxa6 h5+ 41. Kg5 Rc5+ 42. Kh4 Rc4 43. Kg5 Rc5+ 44. Kh4 Rc4 45. Kg3 Rc3+ 46. Kf2 Rc2+ 47. Kg3 Rc3+ 48. Kf2 Rc2+ 49. Kg3 {[%emt 0:00:00] An interesting draw.  Weighted Error Value: White=0.01 (flawless) /Black=0.01 (flawless)} 1/2-1/2

[Event "44th Chess Olympiad Open 2022"]
[Site "Chennai"]
[Date "2022.08.09"]
[Round "11.1"]
[White "Sadhwani, Raunak"]
[Black "Nisipeanu, Liviu-Dieter"]
[Result "1-0"]
[ECO "B12"]
[WhiteElo "2611"]
[BlackElo "2642"]
[Annotator "TA"]
[PlyCount "93"]
[EventDate "2022.07.29"]
[EventType "team-tourn"]
[EventCountry "IND"]
[SourceTitle "playchess.com"]
[Source "ChessBase"]
[SourceQuality "1"]
[WhiteTeam "India"]
[BlackTeam "Germany"]
[WhiteTeamCountry "IND"]
[BlackTeamCountry "GER"]
[TimeControl "40/5400+30:1800+30"]

1. e4 c6 2. d4 d5 3. e5 Bf5 4. Nf3 e6 5. Be2 c5 6. Be3 Nd7 7. O-O Ne7 8. c4 dxc4 9. Bxc4 {[%emt 0:00:17] B12: Caro-Kann: Advance Variation.} a6 10. Nc3 Nc6 11. d5 {[%emt 0:00:34] White is slightly better.} Ncxe5 12. Be2 Nxf3+ 13. Bxf3 {[%emt 0:00:04] [#]} Ne5 $146 ({Predecessor:} 13... Qc7 14. Re1 Bd6 15. dxe6 Bxe6 16. Rc1 O-O 17. Nd5 Bxd5 18. Qxd5 Ne5 19. Qxb7 Nxf3+ 20. Qxf3 {½-½ (26) Stewart,S (1925)-Marks,D (1956) ICCF email 2020}) 14. Bf4 Nd3 {[%emt 0:19:30] [#]} (14... Ng6 $1 $11) 15. dxe6 $1 $16 {[%emt 0:03:51][%mdl 64] Discovered Attack} fxe6 16. Bxb7 {[%emt 0:05:14] Black must now prevent Qf3.} Ra7 17. Bc6+ Kf7 18. Be4 {[%emt 0:08:28] Hoping for Bxf5.} c4 19. Qf3 Qf6 {[%emt 0:00:37] aiming for ...Bxe4.} 20. Bxd3 (20. Rad1 $1 $16) 20... Bxd3 (20... cxd3 $11 21. Rac1 Be7) 21. Rfe1 (21. Ne4 $16 Qf5 22. Ng5+ Kg8 23. Rfe1) 21... Kg8 $14 22. Ne4 ({White should try} 22. g3 $14) 22... Qxb2 $11 23. Ng5 h6 24. Nxe6 Rf7 25. Rad1 Bb4 {[%emt 0:04:35] A strong pair of Bishops.} (25... Qxa2 $2 26. Qd5 Qb2 27. Nxf8 $18) 26. Re3 Be7 ({But not} 26... Qxa2 27. Nxg7 $1 Bc5 28. Re8+ Kh7 29. Rxh8+ Kxh8 30. Ne6 $16) (26... g5 $5 ) 27. h3 Qf6 ({Weaker is} 27... Qxa2 28. Nxg7 Qa5 29. Nh5 $18) (27... Qb5 $11 {remains equal.}) 28. Qd5 $1 $16 Kh7 29. Bg3 {[%emt 0:00:07] 0x0.001e3ce968d1dp-1022s more active pieces.} Qf5 30. Re5 Qf6 31. Rde1 {[%emt 0:00:01][%cal Bd1e1,Be1e3,Be3f3][%mdl 32] Strongly threatening R1e3.} Rc8 {[%emt 0:01:04] [#] Loses the game.} (31... Rb8 $16) 32. R1e3 $1 $18 {[%emt 0:00:19] And now Rf3 would win.} Bf5 $2 (32... Qg6 33. Nf4 Rxf4 34. Bxf4 Rd8) 33. Rf3 {[%emt 0:02:59] White is clearly winning.} g6 34. Bh4 Bxe6 (34... Qxh4 $2 {[#]} 35. Ng5+ $1 Bxg5 36. Qxf7+ Kh8 37. g4 $18) (34... Qxe5 $142 35. Qxe5 Bxh4) 35. Rxe6 {[%emt 0:00:09][%mdl 64] Pin} ({And not} 35. Rxf6 Bxd5 36. Rxf7+ Bxf7 $15) 35... Qxf3 36. gxf3 Bxh4 37. Qe4 Rg7 38. Qxh4 c3 39. Re1 c2 40. Qf4 Rgc7 41. Rc1 Kg7 42. Kg2 h5 43. Qd6 Rc6 44. Qe7+ Kg8 45. f4 R8c7 46. Qe8+ Kg7 47. f5 {[%emt 0:01:01] Weighted Error Value: White=0.19 (very precise) /Black=0.41} 1-0

[Event "44th Chess Olympiad Open 2022"]
[Site "Chennai"]
[Date "2022.08.09"]
[Round "11.2"]
[White "Vallejo Pons, Francisco"]
[Black "Melkumyan, Hrant"]
[Result "1/2-1/2"]
[ECO "B12"]
[WhiteElo "2702"]
[BlackElo "2634"]
[Annotator "TA"]
[PlyCount "87"]
[EventDate "2022.07.29"]
[EventType "team-tourn"]
[EventCountry "IND"]
[SourceTitle "playchess.com"]
[Source "ChessBase"]
[SourceQuality "1"]
[WhiteTeam "Spain"]
[BlackTeam "Armenia"]
[WhiteTeamCountry "ESP"]
[BlackTeamCountry "ARM"]
[TimeControl "40/5400+30:1800+30"]

1. e4 c6 2. d4 d5 3. f3 e6 4. Nc3 Bb4 5. Bd2 Ne7 6. a3 {[%emt 0:00:22] B12: Caro-Kann: Advance Variation.} Ba5 7. Bd3 Nd7 8. f4 c5 9. e5 {[%emt 0:04:27] [#]} a6 $146 {[%emt 0:12:52] Prevents Nb5.} ({Predecessor:} 9... c4 10. Be2 Nf5 11. Nf3 Bb6 12. Bc1 f6 13. g4 Nxd4 14. Nxd4 fxe5 15. Nf3 e4 {½-½ (31) Alonso Gonzalez,C (2422)-Voveris,S (2388) ICCF email 2017}) 10. Nf3 cxd4 11. Nxd4 Nc5 12. Be2 {[%emt 0:07:43] [#] Black must now prevent b4.} Bb6 13. Be3 Bd7 14. Qd2 Na4 15. Nxa4 Bxa4 16. O-O Rc8 17. c3 Bxd4 18. Bxd4 Bb5 19. Bxb5+ axb5 20. Qe2 Qd7 21. Rf3 Nf5 22. Rd1 Nxd4 23. cxd4 O-O 24. g4 f5 25. exf6 Rxf6 26. g5 Rff8 27. Re1 Rce8 28. Kg2 ({White should play} 28. Kf2 $14) 28... Rf5 ({Black should try} 28... e5 $11 29. fxe5 (29. dxe5 Qg4+ 30. Rg3 Qxf4 $11) 29... Qg4+ 30. Rg3 Qxd4) 29. h4 Qc6 30. Kg3 Qd7 31. Qe3 Qf7 32. Rc1 Rf8 33. Rc5 {[%emt 0:00:30][%cal Bc1c5,Bc5b5,Bb5b3,Bb3g3][%mdl 32] White is more active.} Qd7 34. Qc1 {Threatening Rc7.} R5f7 35. Qf1 (35. Qe1 $5 ) 35... h5 {[%emt 0:05:57][%cal Oe6e5] [#] And now ...e5! would win. The position is equal.} 36. gxh6 (36. Rxb5 $2 e5 37. Rbb3 Rxf4 38. Rxf4 Rxf4 $19) 36... gxh6 37. Rxb5 Qe7 38. Rbb3 Qf6 39. Qf2 Kh8 40. Kh3 ({Much worse is} 40. Kh2 Rg7 $15) 40... Rg8 41. Rg3 ({But not} 41. Kh2 Rg4 42. Kh3 Qf5 $17) 41... Qf5+ ({Resist} 41... Qxf4 42. Qxf4 Rxf4 43. Rxb7 $16) 42. Kh2 Rxg3 43. Rxg3 Qxf4 44. Qxf4 {[%emt 0:02:56] Weighted Error Value: White=0.07 (flawless) /Black=0.08 (flawless)} 1/2-1/2

[Event "44th Chess Olympiad Open 2022"]
[Site "Chennai"]
[Date "2022.08.09"]
[Round "11.2"]
[White "Sargissian, Gabriel"]
[Black "Shirov, Alexei"]
[Result "1-0"]
[ECO "D23"]
[WhiteElo "2698"]
[BlackElo "2704"]
[Annotator "TA"]
[PlyCount "97"]
[EventDate "2022.07.29"]
[EventType "team-tourn"]
[EventCountry "IND"]
[SourceTitle "playchess.com"]
[Source "ChessBase"]
[SourceQuality "1"]
[WhiteTeam "Armenia"]
[BlackTeam "Spain"]
[WhiteTeamCountry "ARM"]
[BlackTeamCountry "ESP"]
[TimeControl "40/5400+30:1800+30"]

1. d4 d5 2. c4 c6 3. Nf3 Nf6 4. Qb3 dxc4 5. Qxc4 Bg4 6. Nc3 {[%emt 0:00:50] D23: Queen's Gambit Accepted: 3 Nf3 Nf6 sidelines.} Nbd7 7. Bf4 $1 {[%emt 0:00:31][%mdl 4] now scores much better than the old 7.e4.} Bxf3 8. gxf3 {[%emt 0:00:45] White has an edge.} Nb6 9. Qd3 Nfd5 10. Nxd5 Nxd5 11. Bd2 e6 12. e4 Nc7 13. O-O-O Qh4 14. Be3 O-O-O {[%emt 0:00:43] [#]} 15. Qd2 $146 ({Predecessor:} 15. Kb1 Kb8 16. Qd2 Be7 17. Qa5 Rd7 18. Rg1 Rhd8 19. Rxg7 c5 20. Qa4 Qf6 21. Rg3 cxd4 {1-0 (51) Freeman,M (2513)-Serradimigni,R (2500) ICCF email 2015}) 15... g6 $2 {[%emt 0:17:33] Black cannot hold the game after this.} (15... Be7 $11 {and Black has nothing to worry.}) 16. Bg5 $18 Qh5 {[%emt 0:00:21] [#]} 17. Be2 $1 {[%emt 0:03:22] Threatens to win with h4.} (17. Bxd8 Bh6 18. Bg5 Bxg5 $14) 17... Bb4 $2 {[%emt 0:06:41] [#]} (17... Qh3 18. Bxd8 Kxd8) 18. Qe3 $1 {[%emt 0:01:52] Black must now prevent f4.} ({Not} 18. Qxb4 Qxg5+ 19. Qd2 Qh4 $15) 18... e5 19. Bxd8 Rxd8 20. dxe5 Qxe5 21. Rxd8+ Kxd8 22. Rd1+ Ke7 23. f4 ({Resist} 23. Qxa7 Qc5+ 24. Qxc5+ Bxc5 $18) 23... Qc5+ 24. Kb1 Qxe3 25. fxe3 {[%emt 0:00:17][%mdl 4096] Endgame KRB-KBN} Ne8 26. e5 Bc5 27. Bg4 {[%emt 0:02:15] aiming for Rd7+.} f5 28. exf6+ $1 Nxf6 29. Bf3 h6 30. h4 Ke6 31. Kc2 h5 32. Kd3 Be7 33. Rg1 Kf7 34. Ke2 Nd7 35. Be4 Nf8 36. Rh1 Nd7 37. Bc2 ({But not} 37. Rg1 Nf8 38. Rh1 Kg7 $18) 37... Bf6 38. e4 Bd4 39. e5 Nf8 40. Kd3 c5 41. Ke4 {[%emt 0:33:13] White is clearly winning.} b6 42. b4 Ke7 43. Bb3 Bf2 44. b5 Nd7 45. Bc4 Nf8 46. Rh3 {[%emt 0:00:00] Ra3 is the strong threat.} Be1 47. f5 gxf5+ 48. Kxf5 {[%emt 0:00:00] And now Ra3 would win.} Nd7 49. Ra3 {[%emt 0:00:00] Weighted Error Value: White=0.09 (flawless) /Black=0.41} 1-0

[Event "44th Chess Olympiad Open 2022"]
[Site "Chennai"]
[Date "2022.08.09"]
[Round "11.2"]
[White "Santos Latasa, Jaime"]
[Black "Hovhannisyan, Robert"]
[Result "1/2-1/2"]
[ECO "C54"]
[WhiteElo "2675"]
[BlackElo "2591"]
[Annotator "TA"]
[PlyCount "138"]
[EventDate "2022.07.29"]
[EventType "team-tourn"]
[EventCountry "IND"]
[SourceTitle "playchess.com"]
[Source "ChessBase"]
[SourceQuality "1"]
[WhiteTeam "Spain"]
[BlackTeam "Armenia"]
[WhiteTeamCountry "ESP"]
[BlackTeamCountry "ARM"]
[TimeControl "40/5400+30:1800+30"]

1. e4 e5 2. Nf3 Nc6 3. Bc4 Bc5 4. O-O Nf6 5. d3 d6 6. c3 a5 {[%emt 0:01:36] C54: Giuoco Piano: 4 c3 Nf6, main lines with 5 d4 and 5 d3.} 7. Re1 O-O 8. h3 Be6 9. Bb5 Ba7 10. Be3 Bxe3 11. Rxe3 Ne7 12. d4 {[%emt 0:00:07] [#]} c6 $146 ({Predecessor:} 12... Ng6 13. Nbd2 c6 14. Bf1 a4 15. b4 axb3 16. axb3 b5 17. b4 Qb6 18. Re1 h6 {½-½ (30) Adams,M (2692)-Matlakov,M (2710) Budva 2019}) 13. Bf1 h6 14. Nbd2 Ng6 15. a4 Qc7 16. Qc2 Rad8 17. Rd1 Rfe8 18. Ree1 Nh7 19. dxe5 dxe5 20. Nc4 Ng5 21. Nxg5 hxg5 22. g3 Nf8 23. Qc1 Rxd1 24. Rxd1 Bxc4 25. Bxc4 Rd8 26. Kg2 {[%emt 0:02:19] The position is equal.} Rxd1 27. Qxd1 $11 {[%emt 0:00:23][%mdl 4096] Endgame KQB-KQN} Nd7 28. b4 Nf6 29. f3 b5 30. axb5 cxb5 31. Bxb5 Qxc3 32. bxa5 ({Of course not} 32. Qd8+ Kh7 33. Qxa5 Qd2+ 34. Kg1 Nh5 $17) 32... Qxa5 33. Bc4 g6 34. Qc1 Nh7 35. Bd5 Kg7 36. Qb2 Qc7 37. Qd2 Qe7 38. Ba2 Qa7 39. Bc4 Qc5 40. Bd5 Qc7 41. Bb3 Qb7 42. Bd5 Qa6 43. Kf2 Qb6+ 44. Kg2 Qb5 45. Kf2 Qa6 46. Qb2 {[%emt 0:00:00] Active counter play!} Qa7+ 47. Kg2 Qe7 48. Qd2 Nf6 49. Ba2 Nh5 50. Bd5 Qd8 51. Qb2 Qc7 52. Qd2 Qe7 53. Qb2 Qc7 54. Qd2 Qd8 55. Qb2 Qe7 56. Qd2 Nf6 57. Ba2 Ne8 58. Bd5 Nc7 59. Bc4 Qc5 60. Qa2 Qe7 61. Qd2 Ne8 62. Bd5 Nd6 63. Qb2 Kh7 64. Qb6 Ne8 65. Qb3 Kg8 66. Qb8 Kg7 67. Qb2 Nf6 68. Qd2 Nh5 69. Qb2 Nf6 {[%emt 0:00:00] An interesting draw.  Weighted Error Value: White=0.02 (flawless) /Black=0.02 (flawless)} 1/2-1/2

[Event "44th Chess Olympiad Open 2022"]
[Site "Chennai"]
[Date "2022.08.09"]
[Round "11.2"]
[White "Petrosyan, Manuel"]
[Black "Anton Guijarro, David"]
[Result "1/2-1/2"]
[ECO "D02"]
[WhiteElo "2610"]
[BlackElo "2667"]
[Annotator "TA"]
[PlyCount "67"]
[EventDate "2022.07.29"]
[EventType "team-tourn"]
[EventCountry "IND"]
[SourceTitle "playchess.com"]
[Source "ChessBase"]
[SourceQuality "1"]
[WhiteTeam "Armenia"]
[BlackTeam "Spain"]
[WhiteTeamCountry "ARM"]
[BlackTeamCountry "ESP"]
[TimeControl "40/5400+30:1800+30"]

1. Nf3 d5 2. d4 Nf6 3. Bf4 e6 4. e3 Bd6 5. Nbd2 O-O 6. Bd3 {[%emt 0:00:36] D02: 1 d4 d5 2 Nf3 sidelines, including 2...Nf6 3 g3 and 2...Nf6 3 Bf4.} Bxf4 7. exf4 b6 8. O-O c5 {[%emt 0:02:31] [#]} 9. Re1 $146 ({Predecessor:} 9. c3 Ba6 10. Bxa6 Nxa6 11. Qe2 Nb8 12. Ne5 Qc7 13. Ndf3 Nc6 14. Rad1 cxd4 15. Nxc6 Qxc6 16. Nxd4 {1-0 (54) Grachev,B (2619)-Matlakov,M (2688) Tornelo INT 2021}) 9... Ba6 10. Ne5 Bxd3 11. cxd3 Nfd7 12. Rc1 Nxe5 13. fxe5 Nc6 14. dxc5 bxc5 15. Nb3 {[%emt 0:00:26] Inhibits Qa5.} (15. Rxc5 $14 Qb6 16. Rc3) 15... c4 $11 16. dxc4 dxc4 17. Rxc4 Nxe5 18. Rd4 Qb8 19. Na5 Qc7 20. b4 Rac8 21. h3 h6 22. a3 Qb8 23. Qd2 Nc6 24. Rg4 {[%emt 0:06:23] [#] Threatening mate with Qxh6.} Ne5 25. Rd4 Nc6 26. Nxc6 Rxc6 27. Rd1 a6 28. Rd6 Rfc8 29. a4 Rc4 {[%emt 0:02:45] The position is equal.} 30. Rd8+ Rxd8 31. Qxd8+ Qxd8 32. Rxd8+ Kh7 33. Rb8 a5 34. bxa5 {[%emt 0:00:07] Weighted Error Value: White=0.07 (flawless) /Black=0.03 (flawless)} 1/2-1/2

[Event "44th Chess Olympiad Open 2022"]
[Site "Chennai"]
[Date "2022.08.09"]
[Round "11.3"]
[White "Abdusattorov, Nodirbek"]
[Black "Giri, Anish"]
[Result "1/2-1/2"]
[ECO "B90"]
[WhiteElo "2688"]
[BlackElo "2760"]
[Annotator "TA"]
[PlyCount "91"]
[EventDate "2022.07.29"]
[EventType "team-tourn"]
[EventCountry "IND"]
[SourceTitle "playchess.com"]
[Source "ChessBase"]
[SourceQuality "1"]
[WhiteTeam "Uzbekistan"]
[BlackTeam "Netherlands"]
[WhiteTeamCountry "UZB"]
[BlackTeamCountry "NED"]
[TimeControl "40/5400+30:1800+30"]

1. e4 c5 2. Nf3 d6 3. d4 cxd4 4. Nxd4 Nf6 5. Nc3 a6 6. Rg1 h5 {[%emt 0:00:37] Against g4. B90: Sicilian Najdorf: Unusual White 6th moves, 6 Be3 Ng4 and 6 Be3 e5.} 7. h3 g6 8. Be3 {[%emt 0:00:07] [#]} Bg7 $146 ({Predecessor:} 8... Nc6 9. Qd2 Nxd4 10. Bxd4 e5 11. Be3 b5 12. f3 Be6 13. O-O-O Rc8 14. Kb1 h4 {1-0 (58) Dominguez Perez,L (2756)-Robson,R (2681) Saint Louis 2022}) 9. Qe2 b5 10. O-O-O {[%emt 0:00:10][%cal Oe4e5] [#] aiming for e5!} Nbd7 11. g4 Bb7 12. Bg2 {[%emt 0:02:31][%cal Oe4e5] Strongly threatening e5!} b4 $1 13. Nd5 e5 $1 14. Nxf6+ Nxf6 15. Nb3 Qc7 $1 (15... Bxe4 $2 16. g5 Bxg2 17. gxf6 Qxf6 18. Rxg2 $18) (15... Nxe4 $2 16. Nd2 Nc3 17. bxc3 Bxg2 18. Nc4 $18) 16. gxh5 Nxh5 (16... Rxh5 $15 17. Qd3 a5) 17. Qd2 $1 $11 Rc8 (17... Nf4 $11 {might be stronger.} 18. Bxf4 exf4 19. Qxb4 Rc8) 18. Kb1 $1 $14 Nf4 19. Bf3 O-O (19... Rxh3 $2 20. Bg4 Bxe4 21. Bxc8 (21. Bxf4 $2 Bxc2+ 22. Ka1 Rxb3 $19) 21... Qxc8 22. Bxf4 exf4 23. Rge1 $18) 20. Qxb4 {[%emt 0:03:14] Hoping for c3.} d5 21. c3 {[%emt 0:13:26] [#] Bxf4 is the strong threat. Active counter play!} dxe4 (21... d4 $1 $11 22. cxd4 (22. Bxf4 dxc3 23. Qxc3 Qxc3 $17) 22... exd4 23. Nxd4 Nxh3) 22. Bxe4 Bxe4+ 23. Qxe4 Nxh3 24. Rge1 Nf4 25. Nc5 Qc6 26. Bxf4 exf4 (26... Qxe4+ $11 {remains equal.} 27. Rxe4 (27. Nxe4 exf4 28. Kc2 Rfe8 $14) 27... Rxc5) 27. Qxc6 $16 Rxc6 28. Rd5 Rfc8 29. Nd3 Bf6 30. Rg1 ({Of course not} 30. Nxf4 $6 Rb6 $11) 30... Rb6 31. Kc2 Rc4 32. Re1 {[%emt 0:04:41] Against Re4} (32. Rf5 $16) 32... Kg7 $14 33. Rc5 Rxc5 (33... Rxb2+ $2 34. Kxb2 Bxc3+ 35. Kb3 Rxc5 36. Rc1 $16) 34. Nxc5 $11 {[%emt 0:00:01][%mdl 4096] Endgame KRB-KRN} Bh4 35. Nd3 g5 36. c4 Kf6 37. b4 f3 38. c5 Re6 {[%emt 0:00:20] Threatens to win with ...Rxe1. The position is equal.} 39. Kd1 g4 40. a4 g3 41. fxg3 Bxg3 42. Rf1 Re3 43. Kd2 Re2+ 44. Kd1 Re3 45. Kd2 Re2+ 46. Kd1 {[%emt 0:00:00] Weighted Error Value: White=0.08 (flawless) /Black=0.11 (very precise)} 1/2-1/2